 Dungeon Crawl Stone Soup version 0.23.0-3-gf3c87f2df8 (webtiles) character file.

Game seed: 4926106733782101240

1024 Zlobey the Chopper (level 8, -3/78 HPs)
             Began as a Troll Berserker on Feb 20, 2019.
             Was a Priest of Trog.
             Slain by an orc warrior
             ... wielding a +0 trident
              (15 damage)
             ... on level 6 of the Dungeon on Feb 21, 2019.
             The game lasted 01:00:22 (3983 turns).

Zlobey the Chopper (Troll Berserker)                Turns: 3983, Time: 01:00:24

Health: -3/78      AC:  6    Str: 27    XL:     8   Next: 2%
Magic:  7/7        EV: 11    Int:  3    God:    Trog [***...]
Gold:   217        SH:  0    Dex: 12    Spells: 7/7 levels left

rFire    + . .     SeeInvis +   e - +0 battleaxe {Khorner}
rCold    + . .     Gourm    +   (shield currently unavailable)
rNeg     . . .     Faith    .   a - +0 animal skin
rPois    .         Spirit   .   (helmet restricted)
rElec    .         Reflect  .   q - scarf {rC+ rF+}
rCorr    .         Harm     .   (gloves unavailable)
MR       .....                  (boots unavailable)
Stlth    ++........             (no amulet)
HPRegen  0.63/turn              d - +2 ring of dexterity
MPRegen  0.10/turn              l - ring of see invisible

@: no status effects
A: large, unfitting armour, claws 3, fast metabolism 3, gourmand, regeneration
1, shaggy fur 1, tough skin 3
a: Berserk, Trog's Hand, Renounce Religion


You were on level 6 of the Dungeon.
You worshipped Trog.
Trog was most pleased with you.
You were full.

You visited 1 branch of the dungeon, and saw 6 of its levels.

You collected 217 gold pieces.

Inventory:

Hand Weapons
 e - a +0 battleaxe (weapon) {Khorner}
 g - a +0 war axe {Butcher}
Armour
 a - a +0 animal skin (worn)
 q - a scarf of resistance (worn)
Jewellery
 d - a +2 ring of dexterity (left claw)
 l - a ring of see invisible (right claw)
Wands
 c - a wand of iceblast (13)
 n - a wand of digging (9)
Scrolls
 f - a scroll of enchant armour {unknown}
 i - 4 scrolls of teleportation
 j - 3 scrolls of immolation {unknown}
 m - 2 scrolls of identify
 p - a scroll of enchant weapon {unknown}
 s - a scroll of magic mapping {unknown}
Potions
 k - a potion of haste
 o - a potion of lignification
 r - 2 potions of curing {unknown}
Comestibles
 b - 15 rations
 h - 3 chunks of flesh


   Skills:
 + Level 4.1 Fighting
 + Level 5.1 Axes
 + Level 3.8 Dodging
 + Level 1.1 Stealth
 + Level 4.4 Unarmed Combat


You had 7 spell levels left.
You didn't know any spells.
Your spell library was empty.

Dungeon Overview and Level Annotations

Branches:
Dungeon (6/15)             Temple (0/1) D:5

Altars:
Ashenzari
Trog
Vehumet
Xom

Shops:
D:5 [


Innate Abilities, Weirdness & Mutations

You are too large for most types of armour.
You have claws for hands.
Your metabolism is lightning-fast.
You like to eat raw meat.
Your natural rate of healing is unusually fast.
You are covered in fur. (AC +1)
You have extremely tough skin. (AC +3)


Message History

The bullfrog barely misses you. The bullfrog hits you!
The orc throws a stone.
The stone closely misses you. The bullfrog hits you.
You see here a stone.
There is an open door here.
The bullfrog hits you!
* * * LOW HITPOINT WARNING * * *
You slash the bullfrog!
The bullfrog is moderately wounded.
The bullfrog hits you.
* * * LOW HITPOINT WARNING * * *
The bullfrog hits you.
* * * LOW HITPOINT WARNING * * *
You barely miss the bullfrog.
The bullfrog is moderately wounded.
The orc warrior barely misses you. The bullfrog hits you.
* * * LOW HITPOINT WARNING * * *
The bullfrog closely misses you.
The orc warrior hits you from afar with a +0 trident!
You die...

#....#########
#.............#
#...o.........#
#.............#
#.............#
##...#....##.......#
#....#...o##.......#
#....#....o#.......#
#....#....lF@......#
#....#....(#.......#
#....#.....#.......#
#....#.....#.......#
#...'....)#.......#
#...#....##.......#
#...#....##.......#
#...##...##.......#
#.(.######


You could see an orc warrior, a bullfrog, an iguana and an orc.

Vanquished Creatures
  2 sky beasts
  A phantom (D:4)
  2 centaurs (D:5)
  2 howler monkeys
  A centaur zombie (D:6)
  2 crimson imps
  A hound (D:4)
  A centaur skeleton (D:6)
  A jelly (D:5)
  An orc priest (D:4)
  3 orc wizards
  A worker ant (D:5)
  Robin (D:3)
  5 adders
  A shadow imp (D:6)
  2 adder zombies
  3 worms
  A dart slug (D:1)
  5 leopard geckos
  14 orcs
  6 giant cockroaches
  15 goblins
  4 hobgoblins
  6 jackals
  5 kobolds
  9 quokkas
  9 bats
  2 frilled lizards
  A quokka skeleton (D:5)
  5 rats
  2 plants (D:1)
114 creatures vanquished.

Notes
Turn   | Place    | Note
-------+----------+-------------------------------------------
     0 | D:1      | Zlobey the Troll Berserker began the quest for the Orb.
     0 | D:1      | Reached XP level 1. HP: 22/22 MP: 0/0
   175 | D:1      | Found a shattered altar of Ashenzari.
   498 | D:1      | Reached XP level 2. HP: 29/29 MP: 1/1
   973 | D:1      | Upgraded the game from 0.23.0-2-g0fe3ce5905 to
                  | 0.23.0-3-gf3c87f2df8
  1133 | D:2      | Found a bloodstained altar of Trog.
  1189 | D:2      | Found a shimmering altar of Xom.
  1218 | D:2      | Reached XP level 3. HP: 34/36 MP: 2/2
  1477 | D:2      | Reached ** piety under Trog
  1542 | D:2      | Found a faded altar of an unknown god.
  1806 | D:3      | Noticed Robin
  1828 | D:3      | Reached XP level 4. HP: 10/45 MP: 3/3
  1831 | D:3      | Killed Robin
  2115 | D:3      | Reached *** piety under Trog
  2115 | D:3      | Reached skill level 1 in Axes
  2427 | D:4      | Reached XP level 5. HP: 51/53 MP: 4/4
  2503 | D:4      | Noticed a phantom
  2554 | D:4      | Killed a phantom
  2554 | D:4      | Reached skill level 2 in Axes
  2623 | D:4      | Reached XP level 6. HP: 61/61 MP: 5/5
  2758 | D:4      | Found a radiant altar of Vehumet.
  2759 | D:4      | Found a shattered altar of Ashenzari.
  3008 | D:5      | Entered Level 5 of the Dungeon
  3022 | D:5      | Noticed a sky beast
  3034 | D:5      | Killed a sky beast
  3034 | D:5      | Reached skill level 3 in Axes
  3282 | D:5      | Found Mos Roim's Antique Armour Emporium.
  3315 | D:5      | Found a staircase to the Ecumenical Temple.
  3385 | D:5      | Reached XP level 7. HP: 64/67 MP: 6/6
  3386 | D:5      | Reached skill level 4 in Axes
  3798 | D:6      | Reached skill level 1 in Stealth
  3816 | D:6      | Reached **** piety under Trog
  3942 | D:6      | Reached skill level 5 in Axes
  3947 | D:6      | Reached XP level 8. HP: 46/78 MP: 7/7
  3983 | D:6      | Slain by an orc warrior

Skill      XL: |  1  2  3  4  5  6  7 |
---------------+----------------------+-----
Fighting       | 3 4 |  4.1
Unarmed Combat | 4 |  4.4
Axes           | 1 2 3 5 |  5.1
Dodging        | 3 |  3.8
Stealth        | 1 |  1.1

Action                   |  1- 3 |  4- 6 |  7- 9 || total
-------------------------+-------+-------+-------++-------
Melee: Unarmed           |   139 |    26 |       ||   165
       Punch             |     2 |     2 |       ||     4
       War axe           |       |   108 |       ||   108
       Battleaxe         |       |    40 |    52 ||    92
Evoke: Wand              |     1 |       |       ||     1
  Use: Scroll            |     5 |     3 |     1 ||     9
       Potion            |     1 |     2 |       ||     3
 Stab: Sleeping          |       |     2 |     2 ||     4
  Eat: Chunk             |    17 |    14 |     6 ||    37
       Ration            |     1 |       |       ||     1
Armor: Animal skin       |    47 |    65 |    28 ||   140
       Skin              |       |     2 |       ||     2
Dodge: Dodged            |    40 |    86 |    51 ||   177
